AoeStats
← 522196586

Black Forest

503718479Analyzed
4v4 RM · 1mo ago on Sep 2, 2026· 33m 57s· 8 players
Game mode
Random Map
Map size
Large (8 player)
Population
200
Speed
Normal
Resources
Standard
Victory
Conquest
Starting age
Dark Age
Ending age
Imperial Age
RankedLock teamsTeams togetherTeam positionsShared explorationLock speedFull tech treeHidden civsTurbo modeCheats
Victory
Defeat
🇨🇱 Armenians · Chile
973
+12
🇨🇳 Japanese · China
944
+13
🇺🇸 Hindustanis · United States
867
+17
🇨🇱 Cumans · Chile
811
+19
🇦🇷 Turks · Argentina
956
-19
🇺🇸 Persians · United States
945
-18
🇦🇷 Italians · Argentina
889
-16
🇦🇷 Khmer · Argentina
728
-9
B R O L I K O
2:29 Loom
13:33 Feudal Age
16:30 Double-Bit Axe
22:34 Wheelbarrow
21:44 Town Watch
31:22 Castle Age
522196586
13:35 Feudal Age
14:48 Double-Bit Axe
14:45 Horse Collar
19:47 Castle Age
24:20 Bow Saw
26:21 Heavy Plow
27:27 Gold Mining
27:27 Stone Mining
28:22 Wheelbarrow
28:59 Gold Mining
28:59 Stone Mining
29:59 Hand Cart
31:12 Gold Shaft Mining
31:24 Forging
31:14 Scale Mail Armor
31:20 Town Watch
31:12 Pikeman
31:14 Man-at-Arms
31:39 Gambesons
31:55 Squires
31:41 Arson
32:24 Town Patrol
35:52 Imperial Age
33:08 Loom
33:10 Treadmill Crane
33:26 Murder Holes
34:10 Iron Casting
33:50 Chain Mail Armor
34:15 Ballistics
33:44 Long Swordsman
[8Pals] PERROLOKO
1:20 Loom
12:04 Feudal Age
13:57 Wheelbarrow
14:45 Man-at-Arms
15:16 Arson
16:06 Forging
15:57 Scale Mail Armor
23:46 Long Swordsman
29:56 Castle Age
28:26 Horse Collar
28:33 Double-Bit Axe
28:47 Gold Mining
31:19 Hand Cart
30:27 Two-Handed Swordsman
30:53 Gambesons
31:09 Squires
33:38 Town Watch
oxrollin
1:23 Loom
12:20 Feudal Age
17:18 Castle Age
15:26 Double-Bit Axe
19:09 Horse Collar
19:42 Bow Saw
20:39 Wheelbarrow
24:20 Heavy Plow
27:02 Hand Cart
28:38 Scale Mail Armor
28:49 Forging
30:59 Grand Trunk Road
33:58 Imperial Age
32:22 Iron Casting
Sri harsha
6:15 Loom
12:46 Feudal Age
14:15 Double-Bit Axe
15:42 Horse Collar
19:34 Castle Age
20:34 Bow Saw
20:25 Heavy Plow
PITUCO
20:23 Feudal Age
29:10 Feudal Age
31:45 Gold Mining
eletura
10:36 Loom
10:42 Loom
12:49 Feudal Age
17:51 Castle Age
16:09 Double-Bit Axe
17:25 Horse Collar
24:24 Imperial Age
23:40 Fletching
30:24 Imperial Age
endolf
12:35 Feudal Age
13:01 Double-Bit Axe
13:05 Horse Collar
17:40 Wheelbarrow
20:42 Castle Age
19:38 Forging
19:29 Scale Mail Armor
19:59 Stone Mining
20:01 Gold Mining
21:02 Arson
20:42 Man-at-Arms
21:30 Squires
22:10 Bow Saw
22:24 Heavy Plow
22:37 Crossbowman
23:37 Thumb Ring
22:55 Pikeman
25:07 Hand Cart
25:19 Chain Mail Armor
28:39 Stone Shaft Mining
28:29 Loom
28:47 Town Watch
31:30 Iron Casting
31:00 Town Patrol
33:06 Long Swordsman
Connection lost

Rejoining the realm…

Still unreachable

The connection could not be restored.

Session expired

The server has moved on; the page needs a fresh start.